 Dungeon Crawl Stone Soup version 0.17.1-1-g73c8601 (console) character file.

3643 Kloppie the Fighter (level 9, -1/133 HPs)
             Began as a Green Draconian Berserker on Dec 18, 2015.
             Was an Elder of Trog.
             Slain by a hill giant
             ... wielding a +0 giant spiked club
              (23 damage)
             ... on level 9 of the Dungeon.
             The game lasted 00:14:11 (7385 turns).

Kloppie the Fighter (Green Draconian Berserker)     Turns: 7385, Time: 00:14:11

Health: -1/133     AC: 11    Str: 24    XL:     9   Next: 88%
Magic:  9/9        EV: 13    Int:  9    God:    Trog [****..]
Gold:   363        SH:  0    Dex: 13    Spells: 0 memorised, 8 levels left

rFire  . . .     SeeInvis .     b - +0 glaive
rCold  + . .     Clarity  .     (armour unavailable)
rNeg   . . .     SustAt   .     (shield currently unavailable)
rPois  +         Gourm    +     G - +2 hat
rElec  .         Spirit   .     (no cloak)
rCorr  .         Warding  .     (no gloves)
rMut   .         Stasis   .     p - +1 pair of boots
MR     ++...                    t - amulet of the gourmand
Stlth  ..........               (no ring)
                                (no ring)

@: berserking (expiring), regenerating, very quick, very resistant to hostile
enchantments, extremely unstealthy
A: breathe noxious fumes, unfitting armour, stinger 1, cold resistance 1,
deterioration 1, poison resistance, cold-blooded, AC +7
a: Breathe Noxious Fumes, Berserk, Trog's Hand, Brothers in Arms, Burn
Spellbooks, Renounce Religion


You were on level 9 of the Dungeon.
You worshipped Trog.
Trog was greatly pleased with you.
You were very full.

You visited 1 branch of the dungeon, and saw 9 of its levels.

You collected 440 gold pieces.
You spent 77 gold pieces at shops.

Inventory:

Hand Weapons
 a - a +1 trident of protection
 b - a +0 glaive (weapon)
Armour
 p - a +1 pair of boots (worn)
 G - a +2 hat (worn)
Jewellery
 t - an amulet of the gourmand (around neck)
 w - an uncursed ring of fire
Wands
 z - a wand of disintegration (21)
 F - a wand of frost (26)
Scrolls
 c - 4 scrolls of identify
 e - a scroll of teleportation
 g - 7 scrolls of remove curse
 k - a scroll of fog
 m - a scroll of magic mapping
 r - a scroll of immolation
 x - a scroll of noise {unknown}
 y - a scroll of recharging
Potions
 f - a potion of lignification {unknown}
 h - 4 potions of haste
 j - a potion of heal wounds
 l - a potion of flight
 n - 5 potions of curing
 o - a potion of cure mutation
 q - a potion of agility
 s - a potion of brilliance
 v - 2 potions of magic
Comestibles
 d - a beef jerky
 i - 6 meat rations
 u - 5 bread rations
 A - 11 chunks of flesh
 C - 2 slices of pizza


   Skills:
 + Level 11.4 Fighting
 + Level 10.4 Polearms
 - Level 2.6 Dodging


You had 8 spell levels left.
You didn't know any spells.

Dungeon Overview and Level Annotations

Branches:
Dungeon (9/15)             Temple (0/1) D:4
   Lair: D:8-11         Orc: D:9-12

Altars:
Fedhas
Nemelex Xobeh
Okawaru
Ru
Sif Muna
Trog
Zin

Shops:
D:4 (

Annotations:
D:8 Arkorax's ghost, novice DgTm


Innate Abilities, Weirdness & Mutations

You can breathe blasts of noxious fumes.
Your lurid green scales are hard (AC +7).
Your body does not fit into most forms of armour.
Your system is resistant to poisons.
You are cold-blooded and may be slowed by cold attacks.
Your tail ends in a poisonous barb.
Your flesh is cold resistant.
Your body sometimes deteriorates upon taking damage.


Message History

You slash the hill giant!
The hill giant is severely wounded.
You feel the effects of Trog's Hand fading.
You hit the hill giant.
The hill giant is severely wounded.
The hill giant hits you with a giant spiked club!
* * * LOW HITPOINT WARNING * * *
You barely miss the hill giant.
Your tail-slap misses the hill giant.
The hill giant is severely wounded.
You barely miss the hill giant. You tail-slap the hill giant.
The hill giant is poisoned.
The hill giant is severely wounded.
The hill giant barely misses you.
You slash the hill giant!
The hill giant is almost dead.
You completely miss the hill giant. You tail-slap the hill giant.
The hill giant looks even sicker.
The hill giant is almost dead.
The hill giant hits you with a giant spiked club!!
You die...

### #.)#.##...#
##...##.###...#
..####.# #...#
......######..####
..........##.....#
.................#
...................#
...................#
......†@C..........#
.....................
......................
...########..........(
.. #........ . .......
...... ...


You could see a hill giant.

Vanquished Creatures
  The ghost of Arkorax the Fighter, a novice DrMo of Ashenzari (D:7)
  The ghost of miszar the Fighter, a novice DrBe of Trog (D:5)
  A troll (D:9)
  A hungry ghost (D:7)
  An ice beast (D:6)
  An orc warrior (D:9)
  A phantom (D:9)
  3 centaurs
  6 ogres
  3 giant frogs
  A water moccasin zombie (D:5)
  3 killer bees (D:8)
  A giant frog zombie (D:9)
  2 centaur zombies
  3 crimson imps
  2 orc priests
  4 hounds
  3 jellies
  A quasit (D:7)
  2 orc wizards
  Natasha (thrice) (D:2)
  2 iguanas
  A giant frog skeleton (D:6)
  4 worker ants
  A hound zombie (D:6)
  9 adders
  7 gnolls
  2 shadow imps
  An ooze (D:3)
  A worm (D:7)
  17 orcs
  5 bats
  7 giant cockroaches
  11 goblins
  5 hobgoblins
  7 jackals
  3 quokkas
  2 ball pythons
  4 giant geckos
  A giant gecko skeleton (D:4)
  A giant newt (D:4)
  A jackal skeleton (D:8)
  12 kobolds
  A quokka skeleton (D:9)
  9 rats
158 creatures vanquished.

Vanquished Creatures (others)
  An adder (D:2)
  A giant gecko (D:2)
  A giant newt (D:2)
3 creatures vanquished.

Grand Total: 161 creatures vanquished

Notes
Turn   | Place    | Note
--------------------------------------------------------------
     0 | D:1      | Kloppie the Draconian Berserker began the quest for the Orb.
     0 | D:1      | Reached XP level 1. HP: 19/19 MP: 1/1
   151 | D:1      | Reached XP level 2. HP: 25/27 MP: 2/2
   529 | D:1      | Reached skill level 4 in Fighting
   596 | D:1      | Reached ** piety under Trog
   794 | D:2      | Found a faded altar to an unknown god.
   870 | D:2      | Reached XP level 3. HP: 24/33 MP: 3/3
  1278 | D:2      | Noticed Natasha
  1292 | D:2      | Killed Natasha
  1292 | D:2      | Reached XP level 4. HP: 12/41 MP: 4/4
  1867 | D:2      | Noticed Natasha
  1872 | D:2      | Killed Natasha
  2251 | D:3      | Reached skill level 5 in Fighting
  2282 | D:3      | Found a blossoming altar of Fedhas.
  2291 | D:3      | Found a glowing silver altar of Zin.
  2502 | D:3      | Reached XP level 5. HP: 32/48 MP: 5/5
  3180 | D:4      | Noticed a centaur
  3201 | D:4      | Killed a centaur
  3201 | D:4      | Reached skill level 5 in Polearms
  3201 | D:4      | Reached XP level 6. HP: 29/57 MP: 6/6
  3432 | D:4      | Reached skill level 6 in Fighting
  3473 | D:4      | Found Tyilacrest's Antique Weapon Shop.
  3476 | D:4      | Bought a glowing trident for 77 gold pieces
  3478 | D:4      | Found a staircase to the Ecumenical Temple.
  3826 | D:5      | Entered Level 5 of the Dungeon
  3917 | D:5      | Reached *** piety under Trog
  3952 | D:5      | Your scales start taking on a lurid green colour.
  3952 | D:5      | Gained mutation: Your system is resistant to poisons. [Green Draconian growth]
  3952 | D:5      | Reached XP level 7. HP: 43/64 MP: 7/7
  3963 | D:5      | Noticed miszar's ghost (novice DrBe)
  3986 | D:4      | Gained mutation: Your flesh is cold resistant. [potion of mutation]
  3986 | D:4      | Gained mutation: Your body sometimes deteriorates upon taking damage. [potion of mutation]
  3986 | D:4      | Gained mutation: Your tail ends in a poisonous barb. [potion of mutation]
  4225 | D:5      | Reached skill level 7 in Fighting
  4270 | D:5      | Killed miszar's ghost
  4452 | D:5      | Reached skill level 8 in Fighting
  4452 | D:5      | Reached XP level 8. HP: 62/74 MP: 8/8
  4734 | D:5      | Found a sacrificial altar of Ru.
  5036 | D:6      | Found a sparkling altar of Nemelex Xobeh.
  5286 | D:6      | Reached skill level 9 in Fighting
  5783 | D:7      | Noticed Arkorax's ghost (novice DrMo)
  5846 | D:7      | Killed Arkorax's ghost
  5846 | D:7      | Reached skill level 10 in Fighting
  5846 | D:7      | Reached XP level 9. HP: 39/85 MP: 9/9
  6048 | D:7      | Found a bloodstained altar of Trog.
  6107 | D:7      | Found a deep blue altar of Sif Muna.
  6286 | D:7      | Found an iron altar of Okawaru.
  6659 | D:2      | Noticed Natasha
  6663 | D:2      | Killed Natasha
  6728 | D:2      | Reached **** piety under Trog
  6826 | D:8      | Noticed Arkorax's ghost (novice DgTm)
  7175 | D:9      | Reached skill level 11 in Fighting
  7175 | D:9      | Reached skill level 10 in Polearms
  7374 | D:9      | Noticed a hill giant
  7385 | D:9      | Slain by a hill giant

Action                   |  1- 3 |  4- 6 |  7- 9 || total
-------------------------+-------+-------+-------++-------
Melee: Spear             |   110 |   172 |       ||   282
       Trident           |       |    46 |   279 ||   325
       Glaive            |       |       |   100 ||   100
Invok: Trog's Hand       |     1 |       |     5 ||     6
       Berserk           |       |       |     3 ||     3
  Use: Scroll            |       |       |    24 ||    24
       Potion            |       |       |     1 ||     1
 Stab: Sleeping          |     3 |     1 |     3 ||     7
  Eat: Beef jerky        |     1 |       |       ||     1
       Chunk             |       |    21 |    20 ||    41
